Map: Invader LE

Players

Pierrotgrign - Winner!

  • Race: Terran Terran

capac

  • Race: Terran Terran
  • League: Gold

VOD

Have the link to the VOD?

Description

Time

  • Played on: April 26, 2016, 4:01 p.m.
  • Length: 18:06
Show
View Real Time Build Order
Export as new Build Order

Pierrotgrign Terran - Winner!

Build Orders: MMM Bio 

Get SALT Encoding   

  12  0:02  SCV  
  13  0:14  SCV  
  14  0:22  Supply Depot  
  14  0:26  SCV  
  15  0:41  Refinery  
  15  0:44  SCV  
  15  0:47  Barracks  
  16  0:56  SCV  
  17  1:02  Barracks  
  17  1:08  SCV  
  18  1:21  SCV  
  18  1:22  Supply Depot  
  19  1:33  SCV  
  19  1:35  Barracks Tech Lab  
  20  1:44  Refinery  
  20  1:45  SCV  
  21  1:55  Barracks Reactor  
  21  1:58  Marine  
  23  2:01  Orbital Command  
  22  2:17  Marauder  
  22  2:18  Concussive Shells  
  24  2:28  SCV  
  25  2:32  Marine x2  
  27  2:38  Marauder  
  27  2:44  Supply Depot  
  29  2:46  Engineering Bay  
  29  2:49  Marine  
  29  2:50  Marine  
  31  3:01  Combat Shields  
  34  3:05  SCV  
  34  3:06  Marauder  
  34  3:07  Marine x2  
  34  3:10  Supply Depot  
  36  3:17  Missile Turret  
  36  3:20  Terran Infantry Weapons Level 1  
  36  3:25  Marine  
  36  3:26  Marine  
  38  3:32  Marauder  
  40  3:37  SCV  
  41  3:43  Marine  
  41  3:44  Marine  
  43  3:51  SCV  
  43  3:53  Marauder  
  46  4:01  Marine  
  47  4:23  Supply Depot  
  47  4:25  Stimpack  
  47  4:27  Command Center  
  47  4:35  Factory  
  47  4:44  Marine, SCV  
  49  4:56  SCV  
  49  4:58  Supply Depot  
  50  5:08  Marine x2  
  50  5:09  Marauder  
  54  5:14  Terran Infantry Armor Level 1  
  54  5:26  Marine x2  
  56  5:31  Marauder  
  56  5:34  Factory Reactor  
  58  5:40  Starport  
  58  5:41  Orbital Command  
  58  5:45  Barracks  
  58  5:51  SCV  
  59  5:57  Marine  
  59  5:59  Refinery, Missile Turret  
  59  6:03  SCV  
  61  6:06  Refinery  
  61  6:12  Marine x2  
  61  6:14  Widow Mine  
  61  6:16  Widow Mine  
  67  6:19  Starport Reactor  
  67  6:21  SCV  
  68  6:31  Marauder  
  70  6:38  SCV  
  70  6:39  SCV  
  72  6:43  Widow Mine  
  72  6:44  Widow Mine  
  76  7:01  Marine x2  
  78  7:19  Marauder, Marine  
  73  7:26  Marine  
  73  7:28  Widow Mine x2  
  55  7:36  Marine  
  56  7:41  Marauder  
  56  7:43  Command Center  
  56  7:44  Marine  
  59  7:46  SCV x2  
  61  7:56  Widow Mine  
  61  7:57  Widow Mine  
  61  7:58  SCV x2  
  67  8:01  Armory  
  67  8:03  Engineering Bay  
  67  8:05  Barracks Reactor  
  67  8:07  Marine x2  
  67  8:08  Marauder  
  71  8:25  Marine  
  72  8:29  Marauder, Barracks  
  74  8:40  Marine  
  75  8:41  Marine x2  
  75  8:43  Marine  
  78  8:54  Marauder, Medivac x2  
  84  8:57  Command Center  
  84  9:09  Supply Depot  
  84  9:10  Supply Depot  
  84  9:14  Supply Depot  
  84  9:15  SCV  
  84  9:16  Marauder  
  87  9:19  Supply Depot  
  87  9:22  Missile Turret  
  83  9:29  Planetary Fortress  
  83  9:32  Marine x2  
  83  9:33  Supply Depot  
  83  9:34  Supply Depot  
  83  9:37  Widow Mine, Marauder  
  89  9:39  Widow Mine  
  89  9:43  Medivac  
  91  9:45  Medivac  
  91  9:48  SCV  
  91  9:49  SCV  
  95  9:56  Supply Depot  
  95  9:59  Supply Depot  
  95  10:00  SCV  
  95  10:01  SCV  
  95  10:06  Widow Mine  
  99  10:07  Widow Mine  
  99  10:14  Marine x4  
  101  10:15  Marauder  
  101  10:20  Barracks Tech Lab  
  107  10:24  Terran Infantry Weapons Level 2, Terran Infantry Armor Level 2  
  106  10:32  Marine  
  106  10:34  Widow Mine  
  103  10:36  Widow Mine, Marauder  
  103  10:37  Marine  
  103  10:38  Marauder, Marine x2  
  92  10:49  Marine  
  81  10:55  Marine x2  
  81  10:56  Marine  
  83  10:57  Marauder  
  83  10:59  Marauder  
  81  11:09  Medivac x2  
  84  11:17  SCV  
  85  11:18  SCV  
  85  11:19  Marauder, SCV x2  
  85  11:21  Marauder  
  92  11:28  Marine  
  92  11:29  SCV  
  92  11:30  Marine, SCV  
  92  11:31  SCV x2  
  98  11:38  Medivac  
  98  11:39  Medivac  
  102  11:40  Marauder  
  102  11:41  SCV  
  102  11:43  SCV x3  
  108  11:53  SCV  
  109  11:55  SCV, Planetary Fortress  
  109  11:56  Marine  
  109  11:57  Marine x4  
  115  12:02  Marauder  
  117  12:08  Medivac  
  117  12:09  Medivac  
  117  12:11  Missile Turret  
  117  12:14  Marine x3  
  117  12:15  Marine  
  123  12:16  Marauder  
  125  12:23  Marauder  
  127  12:32  Marine x3  
  127  12:33  Marine, SCV x4  
  135  12:37  Marauder  
  135  12:38  Medivac  
  135  12:39  Medivac  
  135  12:40  Refinery  
  135  12:42  Refinery  
  120  12:44  Marauder  
  120  12:45  SCV x4  
  120  12:50  Marine x3  
  120  12:51  Marine  
  130  12:54  Barracks  
  130  12:56  Barracks  
  130  12:58  Widow Mine, Marauder, Barracks  
  130  12:59  Widow Mine  
  136  13:06  Marauder  
  136  13:08  Marine x4  
  136  13:09  Terran Infantry Weapons Level 3  
  142  13:12  Terran Infantry Armor Level 3  
  142  13:14  SCV x2  
  142  13:15  SCV  
  142  13:16  SCV  
  146  13:20  Marauder  
  148  13:27  Widow Mine x2, Marauder  
  148  13:28  SCV x2  
  148  13:29  Refinery  
  148  13:32  Refinery  
  156  13:40  Marine x3, SCV  
  156  13:41  Marauder, Marine, SCV  
  164  13:43  Barracks Reactor  
  164  13:45  Barracks Tech Lab  
  160  13:48  Marauder  
  160  13:52  SCV  
  160  13:53  SCV  
  164  13:56  Widow Mine x2  
  170  14:03  Marauder, Marine x2  
  172  14:18  Marauder, Marine, SCV  
  172  14:20  Marine, Medivac  
  172  14:21  Marine x2, Medivac  
  172  14:22  Marauder  
  165  14:24  Widow Mine x2, Marauder  
  166  14:35  Marine  
  166  14:38  Marine x2  
  168  14:40  Marauder  
  171  15:05  Widow Mine x2  
  171  15:06  Marauder  
  172  15:08  Marauder  
  172  15:10  Marauder  
  158  15:19  Marine x3  
  158  15:20  Marine x3  
  151  15:23  Medivac x2  
  151  15:27  Marauder  
  157  15:29  Marauder  
  157  15:32  Marauder  
  157  15:33  Widow Mine x2  
  161  15:37  Marine x4  
  161  15:38  Marine x2  
  167  15:48  Marauder  
  157  15:51  Marauder  
  157  15:53  Marauder, Medivac x2  
  157  15:54  Marine  
  157  15:55  Marine x3  
  157  15:57  Marine x2  
  160  16:02  Widow Mine x2  
  166  16:10  Marauder  
  166  16:12  Marauder, Marine x2  
  166  16:13  Marine x2  
  172  16:21  Marine  
  172  16:23  Marine  
  172  16:26  Command Center  
  172  16:30  Missile Turret  
  172  16:31  Missile Turret  
  172  16:34  Refinery, Missile Turret  
  172  16:35  Missile Turret  
  172  16:36  Refinery  
  172  17:20  Missile Turret, Command Center  
  172  17:21  Missile Turret  
  172  17:22  Missile Turret  
  172  17:24  Missile Turret  
  172  17:25  Missile Turret  
  172  17:38  Marauder x2, Marine x6  
Show
View Real Time Build Order
Export as new Build Order

capac Terran 

Build Orders: Reaper Expand 

Get SALT Encoding   

  12  0:01  SCV  
  13  0:13  SCV  
  14  0:18  Supply Depot  
  14  0:25  SCV  
  15  0:40  SCV  
  15  0:42  Barracks  
  16  0:45  Refinery  
  16  0:52  SCV  
  17  1:04  SCV  
  18  1:16  SCV  
  19  1:30  Reaper  
  19  1:31  Orbital Command  
  20  1:52  Command Center  
  20  1:55  Supply Depot  
  20  1:58  SCV  
  21  2:02  Marine  
  22  2:24  Marine  
  22  2:28  Factory  
  22  2:29  Refinery  
  23  2:42  Barracks  
  23  2:54  Marine  
  23  2:57  SCV  
  25  3:00  Bunker  
  25  3:13  Factory Tech Lab  
  25  3:22  Orbital Command  
  25  3:23  Barracks Reactor  
  25  3:29  SCV  
  25  3:33  Siege Tank  
  29  3:41  Barracks Tech Lab  
  29  3:47  Barracks  
  29  3:50  SCV  
  29  3:55  SCV  
  31  4:01  Marine x3  
  34  4:03  SCV  
  34  4:06  Engineering Bay  
  34  4:14  Siege Tank  
  37  4:21  Supply Depot  
  37  4:24  Supply Depot, Marine  
  37  4:25  Marine  
  39  4:35  SCV x2  
  39  4:37  Barracks Reactor  
  41  4:46  Siege Tank  
  41  4:49  Starport  
  44  5:02  Marine x3  
  44  5:05  Stimpack  
  47  5:07  SCV  
  47  5:09  Terran Infantry Weapons Level 1  
  48  5:18  SCV  
  48  5:19  SCV  
  48  5:20  Marine x3  
  48  5:21  Marine  
  54  5:33  Missile Turret  
  54  5:36  Starport Reactor  
  54  5:40  Missile Turret  
  54  5:41  Sensor Tower  
  54  5:44  Marine  
  54  5:45  Marine x3  
  54  5:46  Marine  
  59  5:54  Supply Depot  
  59  5:56  Supply Depot, SCV x2  
  61  5:59  Refinery  
  61  6:10  Marine  
  61  6:11  Armory  
  62  6:15  Marine x3  
  65  6:19  Missile Turret  
  65  6:30  Medivac x2  
  69  6:34  SCV x2  
  71  6:50  SCV x2  
  71  6:51  Marine x3, Missile Turret  
  71  6:52  Marine x2  
  78  6:59  Engineering Bay  
  78  7:04  Supply Depot  
  78  7:08  Supply Depot  
  78  7:14  Siege Tank  
  76  7:55  Siege Tank, Medivac x2  
  76  7:56  Marine x3  
  76  7:57  Marine x2  
  88  8:02  Refinery  
  88  8:13  Command Center  
  88  8:21  Marine  
  88  8:22  Marine x4  
  93  8:27  Siege Tank  
  93  8:29  SCV x2  
  98  8:41  SCV  
  99  8:43  SCV  
  100  8:53  SCV  
  100  8:54  Liberator x2  
  101  9:05  Marine  
  102  9:11  Marine x2  
  102  9:13  Supply Depot  
  102  9:16  Command Center  
  110  9:23  Marine  
  110  9:24  Marine  
  110  9:25  Siege Tank  
  113  9:40  Liberator x2  
  113  9:53  Marine x4  
  113  9:54  Marauder  
  113  9:58  Siege Tank  
  128  10:00  Terran Infantry Weapons Level 2  
  102  11:05  Marine x4  
  89  11:17  Marine  
  90  11:23  Marine x2  
  92  11:28  Marine x2  
  94  11:34  Marine  
  94  11:39  Barracks  
  90  11:42  Barracks  
  90  12:05  Marine x4  
  90  12:06  Marine  
  94  12:46  Liberator x2  
  94  12:48  Marine x4  
  94  12:49  Marine  
  99  12:54  Barracks Reactor  
  99  13:01  Barracks  
  99  13:02  Siege Tank  
  99  13:04  Barracks Reactor  
  108  13:06  Marine x3  
  111  13:25  Marine  
  111  13:26  Marine x3  
  117  13:27  Marauder  
  117  13:30  Orbital Command  
  117  13:34  Refinery  
  117  13:56  Marine x3  
  117  13:57  Marine x3  
  117  13:58  Marauder  
  117  14:01  Barracks Reactor  
  117  14:02  Marine x2  
  127  14:14  Marine x2  
  127  14:16  Command Center  
  89  16:17  Marine x6  
  83  16:40  Marine  
  83  16:41  Marine x5  
  89  16:58  Marine x2  
  89  16:59  Marine x4  
  95  17:09  Factory  
  95  17:14  Orbital Command  
  95  17:15  Barracks  
  95  17:16  Marine x4  
  95  17:17  Factory, Marine x2  
  95  17:20  Barracks  
  95  17:22  Barracks  
  101  17:33  Marine  
  101  17:34  Marine x4  
Tags
 
Composition
MMM Bio
League
Gold
Matchup
TvT
Race
Terran
Add a new tag
Caveats
  • Supply blocks, unpowered buildings, or Contaminate may cause inaccurate times.
  • Supply counts are checked every 10 seconds.